Map: Amphion LE

Players

TimTamSlam - Winner!

  • Race: Zerg Zerg
  • League: Diamond
  • Spawn Location: 7:00

LeonAioria

  • Race: Protoss Protoss
  • League: Diamond
  • Spawn Location: 11:00

VOD

Have the link to the VOD?

Description

Time

  • Played on: Oct. 7, 2024, 5:55 a.m.
  • Length: 5:41
Show
View Real Time Build Order
Export as new Build Order

TimTamSlam Zerg - Winner!

Build Orders: Hatch First 

Get SALT Encoding   

  12  0:00  Drone  
  13  0:09  Drone  
  14  0:35  Hatchery  
  14  0:38  Drone  
  14  0:46  Overlord  
  14  1:03  Spawning Pool  
  13  1:07  Drone  
  13  1:10  Drone  
  15  1:14  Drone  
  16  1:20  Drone  
  17  1:34  Extractor  
  16  1:51  Zergling x8  
  16  1:52  Queen  
  22  1:56  Queen  
  22  2:00  Zergling x2  
  25  2:06  Zergling x2  
  26  2:10  Zergling x2  
  26  2:13  Zergling x2  
  28  2:20  Overlord  
  29  2:44  Drone x4  
  31  2:58  Drone x3  
  32  3:13  Hatchery  
  29  3:21  Drone x2  
  29  3:22  Drone  
  29  3:27  Metabolic Boost  
  29  3:33  Drone  
  29  3:34  Drone  
  31  3:35  Drone  
  32  3:46  Drone x4  
  36  3:51  Overlord  
  36  3:59  Overlord  
  36  4:10  Drone x3  
  36  4:11  Zergling x2  
  36  4:12  Zergling x8  
  36  4:16  Overlord  
  44  4:21  Lair  
  44  4:33  Queen  
  44  4:34  Drone  
  44  4:35  Drone x3  
  44  4:36  Drone  
  44  4:38  Drone  
  52  4:55  Drone x7  
  58  5:02  Drone  
  59  5:11  Drone  
  59  5:12  Drone x2  
  59  5:14  Hatchery  
  58  5:17  Drone x4  
  58  5:19  Drone  
  58  5:20  Drone x3  
  64  5:23  Drone  
  64  5:28  Spore Crawler  
  64  5:29  Spore Crawler  
  64  5:30  Spore Crawler  
Show
View Real Time Build Order
Export as new Build Order

LeonAioria Protoss 

Build Orders: 1 Gate Expand 

Get SALT Encoding   

  12  0:00  Probe  
  13  0:12  Probe  
  14  0:21  Pylon  
  14  0:25  Probe  
  15  0:42  Gateway  
  15  0:44  Probe (Chrono Boost)  
  16  0:54  Probe (Chrono Boost)  
  17  0:58  Assimilator  
  17  0:59  Probe  
  18  1:11  Probe  
  19  1:32  Nexus  
  19  1:37  Probe  
  20  1:48  Cybernetics Core  
  20  1:50  Probe  
  20  1:51  Assimilator  
  21  1:57  Pylon  
  21  2:02  Probe  
  22  2:21  Adept (Chrono Boost)  
  23  2:25  Probe  
  24  2:33  Twilight Council  
  24  2:37  Gateway, Probe  
  24  3:11  Gateway  
  18  3:23  Probe (Chrono Boost)  
  17  3:38  Probe (Chrono Boost)  
  17  3:40  Pylon  
  17  3:42  Probe (Chrono Boost)  
  17  3:47  Warp Gate  
  18  3:49  Probe  
  18  3:54  Adept  
  19  3:57  Probe  
  19  4:01  Probe  
  21  4:06  Pylon  
  21  4:11  Probe  
  22  4:18  Probe  
  23  4:29  Stalker  
  23  4:30  Probe  
  26  4:32  Probe  
  27  4:42  Probe  
  27  4:44  Probe  
  29  5:04  Probe x2  
  31  5:18  Probe (Chrono Boost)  
  31  5:21  Probe (Chrono Boost)  
  33  5:25  Shield Battery  
  33  5:30  Probe (Chrono Boost)  
  33  5:31  Forge  
Tags
 
Add a new tag
Caveats
  • Supply blocks, unpowered buildings, or Contaminate may cause inaccurate times.
  • Supply counts are checked every 10 seconds.